 Dungeon Crawl Stone Soup version 0.29.1-15-g9cfb28693d (webtiles) character file.

Game seed: 7158870388034815397

8 Renzlar the Shield-Bearer (level 2, 24/24 HPs)
             Began as a Formicid Fighter on Mar 9, 2023.
             Quit the game on level 1 of the Dungeon.
             The game lasted 00:01:58 (607 turns).

Renzlar the Shield-Bearer (Formicid Fighter)         Turns: 607, Time: 00:01:59

Health: 24/24      AC:  6    Str: 20    XL:     2   Next: 15%
Magic:  2/2        EV:  9    Int:  7    God:
Gold:   20         SH:  5    Dex: 13    Spells: 1/1 levels left

rFire   . . .      SeeInvis +   a - +0 war axe
rCold   . . .      Faith    .   c - +0 buckler
rNeg    . . .      Spirit   .   b - +0 scale mail
rPois   .          Reflect  .   (helmet unavailable)
rElec   .          Harm     .   (no cloak)
rCorr   .          Rampage  .   (no gloves)
Will    .....                   (no boots)
Stlth   ..........              (no amulet)
HPRegen 0.08/turn               (no ring)
MPRegen 0.08/turn               (no ring)

@: no status effects
A: permanent stasis, dig shafts and tunnels, antennae 3, four strong arms
a: Dig, Shaft Self


You were on level 1 of the Dungeon.
You visited 1 branch of the dungeon, and saw 1 of its levels.

You collected 20 gold pieces.

Inventory:

Hand Weapons
 a - a +0 war axe (weapon)
Armour
 b - a +0 scale mail (worn)
 c - a +0 buckler (worn)
 h - +0 fire dragon scales
Jewellery
 f - a ring of flight
Scrolls
 j - 3 scrolls of amnesia
Potions
 d - a potion of might
 e - a potion of haste {unknown}
 g - a potion of mutation {unknown}
 i - a potion of curing {unknown}
 k - 2 potions of lignification {unknown}
 l - a potion of heal wounds {unknown}


   Skills:
 + Level 3.5 Fighting
 * Level 2.1 Axes
 + Level 3.3 Armour
 + Level 4.2 Shields


You had one spell level left.
You didn't know any spells.
Your spell library was empty.

Dungeon Overview and Level Annotations

Branches:
Dungeon (1/15)

Altars:


Innate Abilities, Weirdness & Mutations

You cannot be hasted, slowed, berserked, paralysed or teleported.
You can dig through walls and to a lower floor.
You have a pair of large antennae on your head. (SInv)
Your four strong arms can wield two-handed weapons with a shield.


Message History

You closely miss the frilled lizard.
The frilled lizard is heavily wounded.
The frilled lizard bites you.
You hit the frilled lizard.
You kill the frilled lizard!
You see here a hobgoblin corpse.
Found a faded altar of an unknown god.
A ball python comes into view.
The ball python hisses angrily.
You barely miss the ball python. The ball python bites you.
You block the ball python's attack.
You hit the ball python.
The ball python is heavily wounded.
The ball python bites you but does no damage.
The ball python grabs you. The ball python constricts you.
The ball python bites you but does no damage.
The ball python constricts you.
You slash the ball python!
You kill the ball python!
You have reached level 2!
You see here a ball python corpse.
You sense a monster nearby.
A rat comes into view.
The rat bites you.
You closely miss the rat. The rat bites you.
You barely miss the rat. The rat closely misses you. The rat misses you.
You hit the rat but do no damage. You block the rat's attack.
You slash the rat!
You kill the rat!
You sense a monster nearby.
A rat comes into view.
You block the rat's attack.
You barely miss the rat. You block the rat's attack.
You closely miss the rat. The rat barely misses you.
The rat closely misses you.
You slash the rat!
You kill the rat!
You see here a rat corpse.
l - a golden potion Are you sure you want to abandon this character and quit the game? (Confirm with "yes".)

### #.# ..# #.# #.#
#.################
#.#...............
#@.†.........#####
..........########.#####
...######## #........##
#####........##
..##........## #.
#.##........##
##.########.##........##
.......................+
##.......#..##.###.#####


There were no monsters in sight!

Vanquished Creatures
  A ball python (D:1)
  A bat (D:1)
  2 hobgoblins (D:1)
  A frilled lizard (D:1)
  2 rats (D:1)
7 creatures vanquished.

Vanquished Creatures (collateral kills)
  A ball python (D:1)
1 creature vanquished.

Grand Total: 8 creatures vanquished

Notes
Turn   | Place    | Note
-------+----------+-------------------------------------------
     0 | D:1      | Renzlar the Formicid Fighter began the quest for the Orb.
     0 | D:1      | Reached XP level 1. HP: 18/18 MP: 1/1
   456 | D:1      | Found a faded altar of an unknown god.
   463 | D:1      | Reached XP level 2. HP: 21/24 MP: 2/2
   607 | D:1      | Quit the game

Illustrated notes

Levels and vault maps discovered:
D:1:      lemuel_arrival_river_ford, layout_basic, basic_ecumenical_altar

Action                   || total
-------------------------++-------
Melee: War axe           ||    24
 Abil: Dig               ||     1
  Use: Scroll            ||     3
Armor: Scale mail        ||     6
Dodge: Dodged            ||    10
Block: Buckler           ||     9
